 Dungeon Crawl Stone Soup version 0.30-a0-883-g5ad918d77d (webtiles) character file.

Game seed: 13096645471094029956

33 AtlasWard the Slasher (level 3, 0/28 (30) HPs)
             Began as a Draconian Gladiator on Mar 17, 2023.
             Was an Initiate of Gozag.
             Slain by a goblin
             ... wielding a +1 dagger of speed
              (2 damage)
             ... on level 3 of the Dungeon.
             The game lasted 00:01:49 (1252 turns).

AtlasWard the Slasher (Draconian Gladiator)         Turns: 1252, Time: 00:01:49

HP:   0/28 (30)     AC:  5    Str: 18    XL:     3   Next: 12%
MP:   3/3           EV: 12    Int:  8    God:    Gozag
Gold: 178           SH:  0    Dex: 12    Spells: 2/2 levels left

rFire   . . .      SeeInvis .    a - +0 long sword
rCold   . . .      Faith    .    (no shield)
rNeg    . . .      Spirit   .    (body armour unavailable)
rPois   .          Reflect  .    b - +0 hat
rElec   .          Rampage  .    (no cloak)
rCorr   .                        (no gloves)
Will    .....                    (no boots)
Stlth   +                        (no amulet)
HPRegen 0.24/turn                (no ring)
MPRegen 0.08/turn                (no ring)

@: lethally poisoned (0 -> -10), drained
A: AC +5, unfitting armour, cold-blooded
a: Renounce Religion, Potion Petition, Call Merchant, Bribe Branch


You were on level 3 of the Dungeon.
You worshipped Gozag.
Gozag was aware of your devotion.
You visited 1 branch of the dungeon, and saw 3 of its levels.

You collected 178 gold pieces.

Inventory:

Hand Weapons
 a - a +0 long sword (weapon)
Missiles
 c - 3 throwing nets (quivered)
 d - a javelin
Armour
 b - a +0 hat (worn)
Jewellery
 i - an amulet of guardian spirit
Scrolls
 h - a scroll of identify {unknown}
 j - a scroll of amnesia {unknown}
Potions
 e - a potion of curing {unknown}
 f - a potion of magic {unknown}
 g - a potion of haste {unknown}


   Skills:
 + Level 2.9 Fighting
 * Level 3.9 Long Blades
 - Level 1.7 Throwing
 - Level 2.6 Dodging


You had 2 spell levels left.
You didn't know any spells.
Your spell library was empty.

Dungeon Overview and Level Annotations

Branches:
Dungeon (3/15)

Altars:
Gozag
The Shining One

Annotations:
D:2 Sigmund


Innate Abilities, Weirdness & Mutations

Your plain brown scales are hard. (AC +5)
You cannot fit into any form of body armour.
You are cold-blooded and may be slowed by cold attacks.


Message History

You are poisoned.
The scorpion poisons you!
There are monsters nearby!
You closely miss the scorpion.
The scorpion is heavily wounded.
You feel very sick. The scorpion misses you.
The goblin hits you with a +1 dagger of speed.
The scorpion stings you. The goblin closely misses you.
You barely miss the scorpion.
Your tail-slap misses the scorpion.
The scorpion is heavily wounded.
You feel sick. The goblin closely misses you.
The scorpion stings you but does no damage.
The goblin hits you but does no damage.
You feel drained.
You are too injured to fight recklessly!
There are monsters nearby!
You are too injured to fight recklessly!
You are too injured to fight recklessly!
You barely miss the scorpion.
The scorpion is heavily wounded.
You feel sick.
The goblin hits you with a +1 dagger of speed.
* * * LOW HITPOINT WARNING * * *
The scorpion completely misses you. The goblin closely misses you.
The goblin hits you with a +1 dagger of speed.
* * * LOW HITPOINT WARNING * * *
Unknown command.
Unknown command.
You hit the scorpion but do no damage.
The scorpion is heavily wounded.
You feel sick. The scorpion completely misses you.
The goblin hits you with a +1 dagger of speed.
* * * LOW HITPOINT WARNING * * *
The goblin barely misses you. The scorpion stings you.
* * * LOW HITPOINT WARNING * * *
You are more poisoned.
The scorpion poisons you!
The goblin hits you with a +1 dagger of speed.
You die...
Your body crumbles into a pile of gold.

# #.# #. #.# #.# .##.#
#.. ...## #.#.# ....#
#.#.# >.#. #..# #.#.#
....(##..#####.#.#
......s@....##.#.#
.##.#.gg....##.#.#
#....<..##.#.#
#.............######
#.#..............)..#
...........#########.##
..#)........# #...
.###.##.##.## #### ##
#. .##


You could see a scorpion and 2 goblins.

Vanquished Creatures
  2 orcs (D:3)
  3 ball pythons
  4 giant cockroaches
  4 hobgoblins
  4 jackals (D:1)
  2 kobolds (D:1)
  3 bats
  A frilled lizard (D:1)
  A goblin (D:2)
  4 rats
28 creatures vanquished.

Notes
Turn   | Place    | Note
-------+----------+-------------------------------------------
     0 | D:1      | AtlasWard the Draconian Gladiator began the quest for the
                  | Orb.
     0 | D:1      | Reached XP level 1. HP: 17/17 MP: 1/1
   195 | D:1      | Reached XP level 2. HP: 13/25 MP: 2/2
   331 | D:1      | Found a faded altar of an unknown god.
   332 | D:1      | Noticed a shining eye
   335 | D:1      | Noticed a golden eye
   335 | D:1      | Noticed a great orb of eyes
   335 | D:1      | Noticed a great orb of eyes
   356 | D:1      | Prayed at the altar of an unknown god.
   356 | D:1      | Became a worshipper of Gozag Ym Sagoz the Greedy
   903 | D:2      | Noticed Sigmund
  1063 | D:3      | Reached XP level 3. HP: 30/30 MP: 3/3
  1123 | D:3      | Found a glowing golden altar of the Shining One.
  1242 | D:3      | Noticed a scorpion
  1252 | D:3      | Slain by a goblin

Illustrated notes

Levels and vault maps discovered:
D:1:      dpeg_chamrin_arrival_tetris, layout_loops_ring,
          hellmonk_ecumenical_altar_watching_god, nicolae_figureground_sparkle
D:2:      layout_basic, kennysheep_generic_room_10, uniq_sigmund
D:3:      layout_loops_ring, nicolae_tso_swordbearing_angel

Action                     || total
---------------------------++-------
  Melee: Long sword        ||    96
         Tailslap          ||    10
         Punch             ||     2
   Stab: Sleeping          ||     1
 Armour: Skin              ||    43
  Dodge: Dodged            ||    75

Table legend: (Time is in decaauts)
 A = Elapsed time spent in this place.
 B = Non-inter-level travel time spent in this place.
 C = Inter-level travel time spent in this place.
 D = Time resting spent in this place.
 E = Time spent auto-exploring this place.
 F = Levels seen in this place.
 G = Mean time per level.
                   A        B        C        D        E       F      G
               +--------+--------+--------+--------+--------+-----+--------+
         Total |   1273 |   1185 |     88 |      0 |    964 |   3 |  424.3 |
       Dungeon |   1273 |   1185 |     88 |      0 |    964 |   3 |  424.3 |
               +--------+--------+--------+--------+--------+-----+--------+

Top non-repeatable levels by time:
     D:1: 981 daAuts
     D:3: 263 daAuts
     D:2: 28 daAuts
